 Dungeon Crawl Stone Soup version 0.27.1-1-g398f81649c (webtiles) character file.

Game seed: 6402077353530392934

2512 ZARRMARR the Covert (level 9, -9/51 HPs)
             Began as an Octopode Conjurer on Sept 12, 2021.
             Was a Follower of Sif Muna.
             Shot with a sling bullet by Joseph (17 damage)
             ... on level 7 of the Dungeon.
             The game lasted 00:43:39 (9962 turns).

ZARRMARR the Covert (Octopode Conjurer)             Turns: 9962, Time: 00:43:39

Health: -9/51      AC:  1    Str:  6    XL:     9   Next: 53%
Magic:  12/12      EV: 14    Int: 24    God:    Sif Muna [*.....]
Gold:   210        SH:  0    Dex: 10    Spells: 8/12 levels left

rFire    . . .     SeeInvis .   i - staff of conjuration
rCold    . . .     Faith    +   (no shield)
rNeg     . . .     Spirit   .   (helmet restricted)
rPois    .         Reflect  .   m - amulet of faith
rElec    .         Harm     .   (no ring)
rCorr    .         Rampage  .   (no ring)
Will     .....                  (no ring)
Stlth    +++++.....             (no ring)
HPRegen  0.17/turn              (no ring)
MPRegen  0.13/turn              (no ring)
                                (no ring)
                                (no ring)

@: channeling
A: almost no armour, amphibious, 8 rings, camouflage 1, gelatinous body 1,
(nimble swimmer 1), tentacles
a: Renounce Religion, Channel Magic


You were on level 7 of the Dungeon.
You worshipped Sif Muna.
Sif Muna was aware of your devotion.
You visited 2 branches of the dungeon, and saw 8 of its levels.

You collected 339 gold pieces.
You spent 129 gold pieces at shops.

Inventory:

Hand Weapons
 c - a +2 dagger of holy wrath
 A - a +2 dagger of holy wrath
Missiles
 n - 2 throwing nets
 u - 8 atropa-tipped darts
Armour
 z - a +0 buckler
Magical Staves
 i - a staff of conjuration (weapon)
 y - a staff of death
Jewellery
 m - an amulet of faith (around mantle)
Wands
 t - a wand of flame (10)
Scrolls
 f - a scroll of brand weapon
 j - a scroll of enchant weapon
 l - a scroll of teleportation
 o - a scroll of torment
 r - a scroll of silence
 s - a scroll of fear {unknown}
 w - a scroll of amnesia {unknown}
 x - a scroll of enchant armour {unknown}
Potions
 a - 5 potions of haste {unknown}
 b - 2 potions of heal wounds {unknown}
 d - 6 potions of curing {unknown}
 e - 6 potions of might {unknown}
 h - 2 potions of attraction {unknown}
 k - a potion of resistance {unknown}
 p - 3 potions of lignification {unknown}
 q - 2 potions of degeneration {unknown}
 v - a potion of cancellation {unknown}


   Skills:
 + Level 6.3 Dodging
 + Level 9.0 Stealth
 - Level 2.0 Spellcasting
 - Level 7.4 Conjurations
 * Level 5.7 Translocations
 + Level 3.2 Invocations


You had 8 spell levels left.
You knew the following spells:

 Your Spells              Type           Power      Damage    Failure   Level
a - Magic Dart            Conj           100%       1d8       1%          1
b - Searing Ray           Conj           100%       3d7       1%          2
c - Apportation           Tloc           60%        N/A       1%          1

Your spell library contained the following spells:

 Spells                   Type           Power      Damage    Failure   Level
 Dazzling Flash           Conj/Hex       60%        N/A       8%          3
 Iskenderun's Mystic Bla  Conj/Tloc      50%        2d11      8%          4
 Beastly Appendage        Tmut           4%         N/A       12%         1
 Passwall                 Tmut/Erth      1%         N/A       19%         2
 Wereblood                Tmut           2%         N/A       19%         2
 Fulminant Prism          Conj/Hex       15%        3d11      26%         4
 Spider Form              Tmut/Pois      1%         N/A       34%         3
 Swiftness                Air            2%         N/A       34%         3
 Summon Lightning Spire   Summ/Air       2%         N/A       75%         4
 Alistair's Intoxication  Tmut/Pois      1%         N/A       97%         5
 Invisibility             Hex            1%         N/A       100%        6
 Storm Form               Tmut/Air       1%         N/A       100%        7
 Maxwell's Capacitive Co  Air            1%         ∞         100%        8


Dungeon Overview and Level Annotations

Branches:
Dungeon (7/15)             Temple (1/1) D:5

Altars:
Cheibriados
Dithmenos
Elyvilon
Fedhas
Gozag
Kikubaaqudgha
Makhleb
Nemelex Xobeh
Okawaru
Sif Muna
Vehumet
Xom
Yredelemnul
The Shining One

Shops:
D:1 (   D:2 [*!:

Annotations:
D:2 exclusion: downstairs
D:3 3 runed translucent doors, exclusion: statue, Clip's ghost, weakling MiFi
D:4 exclusion: adder, Eustachio
D:7 Joseph


Innate Abilities, Weirdness & Mutations

You cannot wear most types of armour.
You are amphibious.
You can wear up to eight rings at the same time.
Your skin changes colour to match your surroundings (Stealth+).
Your rubbery body absorbs attacks. (AC +1, EV +1)
((You are camouflaged near water. (Stealth+)))
You have tentacles for arms and can constrict up to eight enemies at once.


Message History

Aim: Joseph, wielding a +0 hunting sling, wearing a +0 ring mail and quivering sling bullets (heavily wounded, ally target, 100% to hit)
You feel a surge of power!
The magic dart hits Joseph.
Joseph is heavily wounded.
Unknown command.
Casting: Magic Dart (safe; 1% risk of failure)
Confirm with . or Enter, or press ? or * to list all spells.
Okay, then.
Casting: Magic Dart (safe; 1% risk of failure)
Confirm with . or Enter, or press ? or * to list all spells.
Aiming: Magic Dart (safe; 1% risk of failure)
Press: ? - help, Shift-Dir - straight line, f/p - Joseph
Aim: Joseph, wielding a +0 hunting sling, wearing a +0 ring mail and quivering sling bullets (heavily wounded, ally target, 100% to hit)
You feel a surge of power!
The magic dart hits Joseph but does no damage.
Joseph is heavily wounded.
Joseph shoots a sling bullet.
The sling bullet hits you!
Your howler monkey skeleton closely misses Joseph.
Joseph shoots a sling bullet.
The sling bullet completely misses you.
Casting: Magic Dart (safe; 1% risk of failure)
Confirm with . or Enter, or press ? or * to list all spells.
Aiming: Magic Dart (safe; 1% risk of failure)
Press: ? - help, Shift-Dir - straight line, f/p - Joseph
Aim: Joseph, wielding a +0 hunting sling, wearing a +0 ring mail and quivering sling bullets (heavily wounded, ally target, 100% to hit)
You feel a surge of power!
The magic dart hits Joseph.
Joseph is severely wounded.
Your howler monkey skeleton misses Joseph.
Joseph shoots a sling bullet.
The sling bullet hits you.
Casting: Magic Dart (safe; 1% risk of failure)
Confirm with . or Enter, or press ? or * to list all spells.
Aiming: Magic Dart (safe; 1% risk of failure)
Press: ? - help, Shift-Dir - straight line, f/p - Joseph
Aim: Joseph, wielding a +0 hunting sling, wearing a +0 ring mail and quivering sling bullets (severely wounded, ally target, 100% to hit)
You feel a surge of power!
The magic dart hits Joseph.
Joseph is severely wounded.
Your howler monkey skeleton barely misses Joseph.
Joseph shoots a sling bullet.
The sling bullet hits you!!
* * * LOW HITPOINT WARNING * * *
Your howler monkey skeleton hits Joseph but does no damage.
Joseph shoots a sling bullet.
The sling bullet hits you!
You die...

#####..####..##
#......##.##
######.Z.........
###..#...@..#.....#
#..........###...##
##................# .
#...##....###....#..
##..##........#......
#........@...........
#.................##.
#....................
#....................
#....................
#.......#...#...<....
##..#####..#.[.....##
#### #..#......##
...#......#


You could see Joseph (ally target) and a friendly howler monkey skeleton
(summoned).

Vanquished Creatures
  Sigmund (D:3)
  A shadow (D:7)
  A steam dragon (D:6)
  2 sky beasts
  An orc warrior (D:3)
  A black bear (D:5)
  2 necrophages (D:6)
  2 centaurs
  A kobold brigand (D:4)
  A bullfrog (D:7)
  2 gnoll sergeants
  A scorpion (D:5)
  A water moccasin skeleton (D:5)
  A howler monkey (D:6)
  A bullfrog zombie (D:5)
  2 orc priests (D:3)
  5 hounds
  3 jellies
  2 iguanas
  3 orc wizards
  A killer bee zombie (D:6)
  A hound skeleton (D:5)
  A howler monkey skeleton (D:5)
  9 adders
  25 gnolls
  A shadow imp (D:7)
  A white imp (D:6)
  An ufetubus (D:5)
  A dart slug (D:4)
  21 orcs
  5 ball pythons
  6 endoplasms
  4 giant cockroaches
  5 goblins
  7 hobgoblins
  11 jackals (D:4)
  8 kobolds
  2 quokkas
  A bat (D:3)
  5 rats
150 creatures vanquished.

Vanquished Creatures (others)
  Blork the orc (D:5)
  4 gnolls (D:4)
  3 orcs (D:4)
  A giant cockroach (D:4)
  18 plants
27 creatures vanquished.

Grand Total: 177 creatures vanquished

Notes
Turn   | Place    | Note
-------+----------+-------------------------------------------
     0 | D:1      | ZARRMARR the Octopode Conjurer began the quest for the Orb.
     0 | D:1      | Reached XP level 1. HP: 11/11 MP: 3/3
   105 | D:1      | Found Tojidier's Weapon Shop.
   212 | D:1      | Reached skill level 3 in Stealth
   212 | D:1      | Reached XP level 2. HP: 17/17 MP: 3/5
   561 | D:1      | Found a faded altar of an unknown god.
   797 | D:2      | Learned a level 2 spell: Searing Ray
   813 | D:2      | Found Zaabon's Assorted Antiques.
   819 | D:2      | Bought a bubbling sapphire potion for 20 gold pieces
   819 | D:2      | Bought a bubbling green potion for 20 gold pieces
   916 | D:2      | Found Isaepare's Distillery.
   984 | D:2      | Found Toros's Book Shoppe.
  1040 | D:2      | Reached XP level 3. HP: 21/21 MP: 3/6
  1670 | D:2      | Found Miuvuca's Antique Armour Boutique.
  1816 | D:2      | Bought a fizzy silvery potion for 20 gold pieces
  1823 | D:3      | Noticed a steam dragon
  1823 | D:3      | Found a runed translucent gate.
  1823 | D:3      | Found a runed translucent gate.
  1885 | D:3      | Noticed Sigmund
  1950 | D:3      | Noticed an orc warrior
  1984 | D:3      | Found a runed translucent gate.
  1985 | D:3      | Noticed Clip's ghost (weakling MiFi)
  2247 | D:4      | Reached XP level 4. HP: 27/27 MP: 2/7
  2315 | D:4      | Reached skill level 5 in Conjurations
  2551 | D:4      | Reached skill level 4 in Stealth
  2551 | D:4      | Reached XP level 5. HP: 26/31 MP: 3/8
  3025 | D:4      | Found a runed translucent door.
  3025 | D:4      | Noticed a human
  3032 | D:4      | Found a basalt altar of Yredelemnul.
  3067 | D:4      | Noticed Eustachio
  3359 | D:4      | Reached XP level 6. HP: 36/36 MP: 3/9
  3606 | D:4      | Reached skill level 5 in Stealth
  4473 | D:4      | Reached XP level 7. HP: 36/41 MP: 5/10
  5083 | D:4      | Found an iron altar of Okawaru.
  5314 | D:3      | Killed Sigmund
  5315 | D:3      | Reached skill level 6 in Stealth
  5346 | D:3      | Reached XP level 8. HP: 46/46 MP: 1/11
  5585 | D:3      | Found a snail-covered altar of Cheibriados.
  5661 | D:3      | Learned a level 1 spell: Apportation
  5772 | D:3      | Found a radiant altar of Vehumet.
  6007 | D:2      | Bought a scroll labelled IBUDUOK VUVIUPT for 23 gold pieces
  6007 | D:2      | Bought a scroll labelled KYWAWE TUUL for 23 gold pieces
  6007 | D:2      | Bought a scroll labelled IBUDUOK VUVIUPT for 23 gold pieces
  6172 | D:5      | Entered Level 5 of the Dungeon
  6277 | D:5      | Reached skill level 1 in Translocations
  6328 | D:5      | Killed Blork the orc
  6397 | D:5      | Reached skill level 5 in Dodging
  6397 | D:5      | Reached skill level 7 in Stealth
  7183 | D:5      | Found a staircase to the Ecumenical Temple.
  7195 | Temple   | Entered the Ecumenical Temple
  7420 | Temple   | Became a worshipper of Sif Muna the Loreminder
  8176 | D:6      | Reached skill level 1 in Invocations
  8227 | D:6      | Reached skill level 8 in Stealth
  8381 | D:6      | Found an ancient bone altar of Kikubaaqudgha.
  8417 | D:6      | Reached XP level 9. HP: 24/51 MP: 8/12
  9472 | D:6      | Reached skill level 5 in Translocations
  9489 | D:6      | Reached * piety under Sif Muna
  9756 | D:7      | Reached skill level 9 in Stealth
  9936 | D:7      | Noticed Joseph
  9962 | D:7      | Shot with a sling bullet by Joseph

Illustrated notes

Levels and vault maps discovered:
D:1:      zelgadis_glass_arrival_small, layout_rooms, serial_shops,
          nicolae_shop_temple_entry_statues_fountains,
          dreamdust_ecumenical_altar_hidden_monk_grotto
D:2:      layout_loops_corners, serial_forest, infiniplex_forest_clump_curved,
          infiniplex_forest_clump_diagonal, infiniplex_forest_lined_3,
          infiniplex_forest_clump_diagonal, serial_shops, shop, shop,
          nicolae_shop_trees, shop, amcnicky_mini_pool_small
D:3:      layout_rooms, mainiacjoe_overflow_cross_hatched, vehumet_statue,
          gammafunk_ghost_split, uniq_sigmund
D:4:      lemuel_castle_with_subvaults [lemuel_castle_interior_original],
          layout_basic, dk_yredelemnul_ordeal, okawaru_altar_gauntlet_db,
          uniq_eustachio
D:5:      layout_basic, minmay_temple_entry_drinking_statues,
          lemuel_another_geyser, uniq_blork_the_orc
D:6:      layout_gridville, kennysheep_mini_moat, kennysheep_another_room
D:7:      layout_cave_pools, nicolae_ru_great_annihilating_truth, serial_shops,
          shop, uniq_joseph
Temple:   grunt_temple_mini_profane

Skill      XL: |  1  2  3  4  5  6  7  8  9 |
---------------+----------------------------+-----
Stealth        | 3 4 5 6 8 9 |  9.0
Conjurations   | 5 6 7 |  7.4
Dodging        | 3 4 5 6 |  6.3
Translocations | 4 5 |  5.7
Invocations    | 1 3 |  3.2
Spellcasting   | |  2.0

Action                   |  1- 3 |  4- 6 |  7- 9 || total
-------------------------+-------+-------+-------++-------
Melee: Dagger            |     7 |       |       ||     7
       Constrict         |     2 |       |       ||     2
       Unarmed           |     1 |       |       ||     1
       Tentacles         |     1 |       |       ||     1
       Staff             |       |       |     2 ||     2
 Cast: Magic Dart        |    54 |    77 |    98 ||   229
       Searing Ray       |     4 |    30 |    55 ||    89
       Apportation       |       |       |    37 ||    37
Invok: Channel Magic     |       |       |     1 ||     1
  Use: Scroll            |       |       |     7 ||     7
Armor: Skin              |     3 |       |       ||     3
Dodge: Dodged            |     7 |     3 |    29 ||    39
